 Dungeon Crawl Stone Soup version 0.31-a0-237-g2d982f9f85 (webtiles) character file.

Game seed: 15864955740013712540

417 qw the Shooter (level 6, -4/51 HPs)
             Began as a Minotaur Hexslinger on July 10, 2023.
             Slain by an ogre
             ... wielding a +0 giant club
              (16 damage)
             ... on level 3 of the Dungeon.
             The game lasted 00:01:02 (2506 turns).

qw the Shooter (Minotaur Hexslinger)                Turns: 2506, Time: 00:01:03

Health: -4/51      AC:  6    Str: 12    XL:     6   Next: 61%
Magic:  6/6        EV: 11    Int: 10    God:
Gold:   105        SH:  0    Dex: 15    Spells: 6/7 levels left

rFire   + . .        Y - +3 sling
rCold   . . .        (no shield)
rNeg    . . .        k - +0 ring mail
rPois   .            (helmet restricted)
rElec   .            i - +0 cloak
rCorr   .            (no gloves)
SInv    .            (no boots)
Will    .....        (no amulet)
Stlth   +            a - ring of protection from fire
HPRegen 0.28/turn    (no ring)
MPRegen 0.10/turn

%: no passive effects
@: about to teleport
A: horns 2, retaliatory headbutt
a: no special abilities


You were on level 3 of the Dungeon.
You visited 1 branch of the dungeon, and saw 4 of its levels.

You collected 105 gold pieces.


Innate Abilities, Weirdness & Mutations

You have a pair of horns on your head.
You reflexively headbutt those who attack you in melee.


   Skills:
 + Level 3.5 Fighting
 - Level 6.8 Ranged Weapons
 - Level 2.1 Armour
 - Level 2.1 Dodging
 - Level 1.0 Spellcasting
 - Level 2.0 Hexes


You had 6 spell levels left.
You knew the following spells:

 Your Spells              Type           Power      Damage    Failure   Level
a - Slow                  Hex            16%        N/A       32%         1

Your spell library contained the following spells:

 Spells                   Type           Power      Damage    Failure   Level
 Inner Flame              Hex/Fire       2%         N/A       83%         3
 Portal Projectile        Hex/Tloc       4%         N/A       83%         3
 Cause Fear               Hex            2%         N/A       97%         4

Inventory:

Hand Weapons
 Y - a +3 sling (weapon)
Armour
 i - a +0 cloak (worn)
 k - a +0 ring mail (worn)
Jewellery
 a - a ring of protection from fire (left hand)
 b - a ring of fire
Scrolls
 d - a scroll of identify
 g - a scroll of teleportation
Potions
 e - 4 potions of curing
 f - a potion of degeneration {unknown}
 h - a potion of brilliance {unknown}

Dungeon Overview and Level Annotations

Branches:
Dungeon (4/15)
 Temple: D:4-7

Altars:


Message History

Enter note:
Enter note:
Enter note:
Enter note: You shoot a sling bullet.
The sling bullet completely misses the scorpion.
The scorpion stings you but does no damage.
The sleepcap releases spores at you but does no damage.
The goblin hits you with a +0 club.
You shoot a sling bullet. The sling bullet hits the scorpion.
You kill the scorpion!
The ogre barely misses you. The sleepcap barely misses you.
You furiously retaliate!
You headbutt the sleepcap. The goblin hits you with a +0 club.
Your Armour skill gained 2 levels and is now at level 2!
You shoot a sling bullet. The sling bullet hits the sleepcap.
The sleepcap is moderately damaged.
The goblin hits you with a +0 club.
The sleepcap releases spores at you but does no damage.
The ogre hits you with a +0 giant club!
2504 ||| READING 2 scrolls of teleportation.
As you read the scroll of teleportation, it crumbles to dust.
You feel strangely unstable. The goblin completely misses you.
You furiously retaliate!
You headbutt the goblin, but do no damage.
The sleepcap barely misses you. The ogre closely misses you.
You furiously retaliate!
You headbutt the ogre. You shoot a sling bullet.
The sling bullet hits the sleepcap but does no damage.
The sleepcap is moderately damaged.
The goblin hits you but does no damage. The sleepcap barely misses you.
You furiously retaliate!
You headbutt the sleepcap, but do no damage.
You shoot a sling bullet.
The sling bullet hits the sleepcap but does no damage.
The sleepcap is moderately damaged.
The goblin hits you but does no damage. The sleepcap barely misses you.
You furiously retaliate!
You headbutt the sleepcap! The ogre hits you with a +0 giant club!
You die...

####..##........# #.#
#...###.####.# #.# #.#.###.#
##'## #.# #.......###...##
###.# ###.######.....## #...#
##..# ##.......## ###...###
##...####.........###.......##
#.......+...gf....'...........
##...####....@%...###.......##
##..# ##...O...## ###..>###
##.# ##.....## #...# #.#
####...### ##.## #.#
#........# #<# #####.#
#.###.##.# #<#
#.....####.###.##.# #.#
#.#####.).(.....#.#######.#
#.# #..)#.##..<..........#


You could see an ogre, a sleepcap and a goblin.

Vanquished Creatures
  Sigmund (D:3)
  A scorpion (D:3)
  Jessica (D:3)
  Natasha (D:1)
  Robin (D:3)
  4 gnolls (D:2)
  3 adders (D:2)
  A worm (D:2)
  A dart slug (D:1)
  5 orcs (D:3)
  5 endoplasms
  5 giant cockroaches
  11 goblins
  6 hobgoblins
  A quokka (D:1)
  7 ball pythons
  2 bats
  A frilled lizard (D:3)
  7 kobolds
  6 rats
70 creatures vanquished.

Notes
Turn   | Place    | Note
-------+----------+-------------------------------------------
     0 | D:1      | qw the Minotaur Hexslinger began the quest for the Orb.
     0 | D:1      | Reached XP level 1. HP: 16/16 MP: 1/1
     0 | D:1      | 0 ||| qw: Version: 0.3-a-52-g30416fa
     0 | D:1      | 0 ||| qw: Game counter: 5189
     0 | D:1      | 0 ||| qw: Melee chars always use a shield: true
     0 | D:1      | 0 ||| qw: God list: Okawaru
     0 | D:1      | 0 ||| qw: Allow faded altars: false
     0 | D:1      | 0 ||| qw: Do Orc after clearing Dungeon:15 true
     0 | D:1      | 0 ||| qw: Do second Lair branch before Depths: true
     0 | D:1      | 0 ||| qw: Lair rune preference: random
     0 | D:1      | 0 ||| qw: Goals: Normal
     0 | D:1      | 0 ||| PLANNING D:1-11
   142 | D:1      | Reached skill level 3 in Ranged Weapons
   142 | D:1      | Reached XP level 2. HP: 21/23 MP: 2/2
   679 | D:1      | 679 ||| UPGRADING to +0 cloak.
   684 | D:1      | 684 ||| READING 2 scrolls labelled ZOETOTSIRA.
   685 | D:1      | 685 ||| READING scroll labelled PINELL WEHIWN.
   689 | D:1      | 689 ||| READING scroll labelled COURPH SAUZARU.
   690 | D:1      | 690 ||| READING scroll labelled RASEUL COCEU.
   691 | D:1      | 691 ||| DROPPING scroll of fog.
   692 | D:1      | 692 ||| DROPPING scroll of poison.
   700 | D:2      | Noticed Natasha
   704 | D:2      | 704 ||| STAIRDANCE
   706 | D:1      | Killed Natasha
   707 | D:1      | Reached skill level 4 in Ranged Weapons
   707 | D:1      | Reached XP level 3. HP: 24/29 MP: 3/3
   746 | D:2      | Found a faded altar of an unknown god.
   770 | D:2      | Reached XP level 4. HP: 36/36 MP: 4/4
   874 | D:2      | Reached skill level 5 in Ranged Weapons
   955 | D:2      | 955 ||| FLEEEEING.
   958 | D:2      | 958 ||| FLEEEEING.
   959 | D:2      | 959 ||| FLEEEEING.
   960 | D:2      | 960 ||| FLEEEEING.
   961 | D:2      | 961 ||| FLEEEEING.
   962 | D:2      | 962 ||| FLEEEEING.
   963 | D:2      | 963 ||| FLEEEEING.
   964 | D:2      | 964 ||| FLEEEEING.
   965 | D:2      | 965 ||| FLEEEEING.
   966 | D:2      | 966 ||| FLEEEEING.
   967 | D:2      | 967 ||| FLEEEEING.
   968 | D:2      | 968 ||| FLEEEEING.
   969 | D:2      | 969 ||| FLEEEEING.
   972 | D:2      | 972 ||| FLEEEEING.
   973 | D:2      | 973 ||| FLEEEEING.
   974 | D:2      | 974 ||| FLEEEEING.
   975 | D:2      | 975 ||| FLEEEEING.
   976 | D:2      | 976 ||| FLEEEEING.
   979 | D:2      | 979 ||| STAIRDANCE
  1005 | D:1      | 1005 ||| UPGRADING to ring of protection from fire.
  1006 | D:1      | 1006 ||| DRINKING 4 yellow potions.
  1226 | D:2      | Reached skill level 3 in Fighting
  1282 | D:2      | Reached XP level 5. HP: 45/45 MP: 5/5
  1291 | D:2      | 1291 ||| READING scroll labelled SEFONL PUPAOKH.
  1400 | D:3      | Noticed Robin
  1409 | D:3      | Killed Robin
  1782 | D:3      | Noticed Sigmund
  1787 | D:3      | 1787 ||| FLEEEEING.
  1788 | D:3      | 1788 ||| FLEEEEING.
  1789 | D:3      | 1789 ||| FLEEEEING.
  1790 | D:3      | 1790 ||| FLEEEEING.
  1798 | D:3      | 1798 ||| FLEEEEING.
  1799 | D:3      | 1799 ||| FLEEEEING.
  1800 | D:3      | 1800 ||| FLEEEEING.
  1801 | D:3      | 1801 ||| FLEEEEING.
  1802 | D:3      | 1802 ||| FLEEEEING.
  1818 | D:3      | Killed Sigmund
  1819 | D:3      | Reached skill level 6 in Ranged Weapons
  1819 | D:3      | Reached XP level 6. HP: 41/51 MP: 6/6
  1892 | D:3      | Noticed Jessica
  1904 | D:3      | Killed Jessica
  2187 | D:3      | 2187 ||| READING scroll of enchant weapon.
  2187 | D:3      | 2187 ||| ENCHANTING +2 sling.
  2447 | D:3      | 2447 ||| UPGRADING to +0 ring mail.
  2457 | D:3      | 2457 ||| DROPPING +0 robe.
  2458 | D:3      | 2458 ||| READING 2 scrolls labelled ISIN NIHOIK.
  2459 | D:3      | 2459 ||| READING scroll labelled HUDI AWOBEHEC.
  2499 | D:4      | 2499 ||| STAIRDANCE
  2503 | D:3      | HP: 11/51 [ogre/+0 giant club (17)]
  2504 | D:3      | 2504 ||| READING 2 scrolls of teleportation.
  2506 | D:3      | Slain by an ogre

Levels and vault maps discovered:
D:1:      wander_arrival_fairy_ring, layout_basic
D:2:      layout_rooms, shapermc_ecumenical_altar_totnotflames, uniq_natasha
D:3:      layout_loops_corners, uniq_robin, uniq_jessica, uniq_sigmund
D:4:      layout_basic, serial_demonic, serial_demonic_b, serial_demonic_f,
          serial_demonic_f, serial_demonic_d, uniq_blork_the_orc,
          uniq_crazy_yiuf_cottage

Skill      XL: |  1  2  3  4  5  6 |
---------------+-------------------+-----
Ranged Weapons | 3 4 5 6 |  6.8
Fighting       | 2 3 |  3.5
Armour         | 2 |  2.1
Dodging        | |  2.1
Spellcasting   | |  1.0
Hexes          | |  2.0

Action                     |  1- 3 |  4- 6 || total
---------------------------+-------+-------++-------
   Fire: Sling             |    67 |   146 ||   213
    Use: Scroll            |     4 |     5 ||     9
         Potion            |       |     1 ||     1
 Armour: Robe              |     1 |    10 ||    11
         Ring mail         |       |     7 ||     7
  Dodge: Dodged            |    19 |    54 ||    73

Table legend:
 A = Non-vault XP
 B = Vault XP
 C = Vault XP percentage of total XP
 D = Non-vault monster count
 E = Vault monster count
 F = Vault count percentage of total count
                 A         B        C        D         E       F
            +---------+---------+-------+---------+---------+-------
      Total |     284 |     312 |  52.3 |      60 |      10 |  14.3
            +---------+---------+-------+---------+---------+-------
        D:1 |      40 |      35 |  46.7 |      23 |       1 |   4.2
        D:2 |     131 |       0 |   0.0 |      24 |       0 |   0.0
        D:3 |     113 |     277 |  71.0 |      13 |       9 |  40.9
            +---------+---------+-------+---------+---------+-------
